 Dungeon Crawl Stone Soup version 0.28.0-53-g5a82cb258f (webtiles) character file.

Game seed: 3231957942772878347

22 hikkokomori the Conjurer (level 2, -3/20 HPs)
             Began as a Demigod Conjurer on Oct 25, 2022.
             Slain by a gnoll
             ... wielding a +2 flail of protection
              (6 damage)
             ... on level 1 of the Dungeon on Nov 8, 2022.
             The game lasted 00:03:12 (994 turns).

hikkokomori the Conjurer (Demigod Conjurer)          Turns: 994, Time: 00:03:14

Health: -3/20      AC:  3    Str:  8    XL:     2   Next: 51%
Magic:  1/7        EV: 12    Int: 20    God:
Gold:   7          SH:  0    Dex: 12    Spells: 2/5 levels left

rFire   . . .      SeeInvis .   b - +0 short sword
rCold   . . .      Faith    .   (no shield)
rNeg    . . .      Spirit   .   a - +0 robe
rPois   .          Reflect  .   (no helmet)
rElec   .          Harm     .   (no cloak)
rCorr   .          Rampage  .   (no gloves)
Will    .....                   f - +0 pair of boots
Stlth   ++........              (no amulet)
HPRegen 0.06/turn               (no ring)
MPRegen 0.10/turn               (no ring)

@: no status effects
A: high MP 1, forlorn, divine attributes
a: no special abilities


You were on level 1 of the Dungeon.
You visited 1 branch of the dungeon, and saw 1 of its levels.

You collected 7 gold pieces.

Inventory:

Hand Weapons
 b - a +0 short sword (weapon)
Armour
 a - a +0 robe (worn)
 d - a +0 kite shield
 f - a +0 pair of boots (worn)
 g - a +0 scale mail
Scrolls
 c - 2 scrolls of acquirement {unknown}
 e - 2 scrolls of identify {unknown}


   Skills:
 - Level 1.8 Dodging
 - Level 1.9 Stealth
 + Level 2.2 Spellcasting
 + Level 4.0 Conjurations


You had 2 spell levels left.
You knew the following spells:

 Your Spells              Type           Power      Damage    Failure   Level
a - Magic Dart            Conj           72%        1d6       3%          1
b - Searing Ray           Conj           36%        2d5       4%          2

Your spell library contained the following spells:

 Spells                   Type           Power      Damage    Failure   Level
 Shock                    Conj/Air       40%        1d5       7%          1
 Freeze                   Ice            8%         1d3       16%         1
 Slow                     Hex            8%         N/A       16%         1
 Dazzling Flash           Conj/Hex       20%        N/A       21%         3
 Confusing Touch          Hex            2%         N/A       43%         3
 Frozen Ramparts          Ice            4%         1d2       43%         3
 Swiftness                Air            2%         N/A       43%         3
 Vampiric Draining        Necr           2%         2d6       43%         3
 Fulminant Prism          Conj/Hex       5%         3d7       56%         4
 Hailstorm                Conj/Ice       10%        3d5       56%         4
 Iskenderun's Mystic Bla  Conj/Tloc      10%        2d4       56%         4
 Airstrike                Air            1%         N/A       83%         4


Dungeon Overview and Level Annotations

Branches:
Dungeon (1/15)


Innate Abilities, Weirdness & Mutations

You have an increased reservoir of magic. (+10% MP)
You shall have no god before yourself.
Your divine heritage dramatically boosts your attributes as you level up.


Message History

There is an open door here.
You open the door.
There is an open door here.
You open the door. You open the door.
There is an open door here.
There is an open door here.
You see here 5 stones.
There is an open door here.
Key pressed, stopping explore.
A gnoll comes into view.
It is wielding a +2 flail of protection.
The gnoll shouts!
A gnoll is nearby!
The magic dart hits the gnoll but does no damage.
The magic dart hits the gnoll but does no damage.
The magic dart hits the gnoll but does no damage.
The magic dart hits the gnoll.
The gnoll is lightly wounded.
The magic dart hits the gnoll.
The gnoll is moderately wounded.
The magic dart hits the gnoll but does no damage.
The gnoll is moderately wounded.
The gnoll hits you but does no damage.
The magic dart hits the gnoll but does no damage.
The gnoll is moderately wounded.
The gnoll closely misses you.
Save game and exit?
Welcome back, hikkokomori the Demigod Conjurer.
Press ? for a list of commands and other information.
You are too depleted to draw on your mana recklessly!
You closely miss the gnoll.
The gnoll is moderately wounded.
The gnoll hits you with a +2 flail of protection.
You hit the gnoll but do no damage.
The gnoll is moderately wounded.
The gnoll hits you with a +2 flail of protection!
Ouch! That really hurt!
* * * LOW HITPOINT WARNING * * *
The gnoll hits you with a +2 flail of protection.
You die...

#....# ##....... #....#
#........#........ #....#
#........#........ #....#
#........#........ #....#
#........#........ #....#
#........#....#### #....#
##........#....# #....#
#.g.[.....#....# #....#
#.@.......#....####
#(...##########..................
#....#............######.........
#....#............# #.........
######............#### #.........
'....................# #.........
####.................# #.........
# #.................# #.........
# ###...............# #.........


You could see a gnoll.

Vanquished Creatures
  2 bats (D:1)
  2 endoplasms (D:1)
  A goblin (D:1)
  2 hobgoblins (D:1)
  2 kobolds (D:1)
  3 quokkas (D:1)
  4 ball pythons (D:1)
  A frilled lizard (D:1)
  3 rats (D:1)
20 creatures vanquished.

Notes
Turn   | Place    | Note
-------+----------+-------------------------------------------
     0 | D:1      | hikkokomori the Demigod Conjurer began the quest for the
                  | Orb.
     0 | D:1      | Reached XP level 1. HP: 14/14 MP: 5/5
   292 | D:1      | Reached XP level 2. HP: 20/20 MP: 4/7
   295 | D:1      | Learned a level 2 spell: Searing Ray
   707 | D:1      | Reached skill level 4 in Conjurations
   994 | D:1      | Slain by a gnoll

Illustrated notes

Levels and vault maps discovered:
D:1:      mrwooster_arrival_statue, layout_basic,
          dreamdust_ecumenical_altar_hidden_monk_grotto

Skill      XL: |  1  2 |
---------------+-------+-----
Spellcasting   | 2 |  2.2
Conjurations   | 4 |  4.0
Dodging        | |  1.8
Stealth        | |  1.9

Action                   || total
-------------------------++-------
Melee: Short sword       ||     4
 Cast: Magic Dart        ||    47
Armor: Robe              ||     4
Dodge: Dodged            ||     6
